 Dungeon Crawl Stone Soup version 0.30.1-3-gfc49f6343a (webtiles) character file.

Game seed: 15132928695233527991

2874 spardeous the Destroyer (level 9, -4/62 HPs)
             Began as a Demigod Conjurer on Aug 3, 2023.
             Slain by a manticore (23 damage)
             ... on level 8 of the Dungeon.
             The game lasted 00:08:38 (9875 turns).

spardeous the Destroyer (Demigod Conjurer)          Turns: 9875, Time: 00:08:39

Health: -4/62      AC:  6    Str: 12    XL:     9   Next: 23%
Magic:  14/22      EV: 12    Int: 28    God:
Gold:   470        SH:  0    Dex: 12    Spells: 14/21 levels left

rFire   . . .        I - +2 short sword (speed)
rCold   . . .        (no shield)
rNeg    . . .        E - +0 steam dragon scales
rPois   .            r - +0 helmet
rElec   .            (no cloak)
rCorr   .            (no gloves)
SInv    .            (no boots)
Will    .....        (no amulet)
Stlth   ++           (no ring)
HPRegen 0.30/turn    (no ring)
MPRegen 0.18/turn

%: no passive effects
@: spiked
A: high MP 1, forlorn, divine attributes
a: no special abilities


You were on level 8 of the Dungeon.
You visited 1 branch of the dungeon, and saw 8 of its levels.

You collected 470 gold pieces.

Inventory:

Hand Weapons
 s - a +2 dagger of pain
 I - a +2 short sword of speed (weapon)
Missiles
 t - a throwing net
Armour
 a - a +0 robe
 l - a +0 tower shield
 r - a +0 helmet (worn)
 x - a +0 chain mail
 y - a +0 leather armour
 E - +0 steam dragon scales (worn)
Magical Staves
 o - a staff of earth
Jewellery
 J - the ring "Zipotoch" {rC- rN+ Int+3 Dex+6}
   (You found it on level 8 of the Dungeon)

   [ring of dexterity]

   Int:       It affects your intelligence (+3).
   Dex:       It affects your dexterity (+6).
   rC:        It makes you vulnerable to cold.
   rN:        It protects you from negative energy.
Wands
 n - a wand of flame (9)
 B - a wand of charming (13)
 C - a wand of iceblast (13)
Scrolls
 c - 4 scrolls of vulnerability {unknown}
 d - 4 scrolls of noise {unknown}
 g - 4 scrolls of identify {unknown}
 h - 4 scrolls of torment {unknown}
 j - a scroll of immolation {unknown}
 k - 2 scrolls of enchant weapon {unknown}
 p - a scroll of brand weapon {unknown}
 u - a scroll of enchant armour {unknown}
 v - 2 scrolls of teleportation {unknown}
 w - a scroll of poison {unknown}
 z - 2 scrolls of fog {unknown}
 D - 3 scrolls of blinking {unknown}
 F - a scroll of silence {unknown}
 H - a scroll of fear {unknown}
Potions
 b - a potion of magic
 e - 5 potions of heal wounds {unknown}
 f - 2 potions of lignification {unknown}
 i - 2 potions of curing
 m - a potion of haste {unknown}
 q - 3 potions of cancellation {unknown}
 A - 2 potions of might {unknown}
 G - a potion of resistance {unknown}


   Skills:
 - Level 1.7 Dodging
 - Level 1.7 Stealth
 - Level 6.6 Spellcasting
 - Level 8.0 Conjurations
 + Level 6.7 Translocations


You had 14 spell levels left.
You knew the following spells:

 Your Spells              Type           Power      Damage    Failure   Level
a - Magic Dart            Conj           100%       1d8       1%          1
b - Searing Ray           Conj           100%       2d8       1%          2
c - Iskenderun's Mystic   Conj/Tloc      50%        2d11      2%          4

Your spell library contained the following spells:

 Spells                   Type           Power      Damage    Failure   Level
 Apportation              Tloc           92%        N/A       1%          1
 Static Discharge         Conj/Air       62%        2-5/arc   1%          2
 Dazzling Flash           Conj/Hex       62%        N/A       3%          3
 Slow                     Hex            36%        N/A       5%          1
 Scorch                   Fire           18%        2d6       9%          2
 Fulminant Prism          Conj/Hex       15%        3d10      11%         4
 Call Canine Familiar     Summ           9%         N/A       17%         3
 Confusing Touch          Hex            9%         N/A       17%         3
 Vampiric Draining        Necr           9%         2d6       17%         3
 Airstrike                Air            4%         2d(1-17)  50%         4
 Summon Lightning Spire   Summ/Air       9%         N/A       50%         4
 Alistair's Intoxication  Tmut/Pois      6%         N/A       83%         5
 Summon Hydra             Summ           4%         N/A       100%        7
 Summon Horrible Things   Summ           4%         N/A       100%        8


Dungeon Overview and Level Annotations

Branches:
Dungeon (8/15)             Temple (0/1) D:7
   Lair: D:8-11


Innate Abilities, Weirdness & Mutations

You have an increased reservoir of magic. (+10% MP)
You shall have no god before yourself.
Your divine heritage dramatically boosts your attributes as you level up.


Message History

The manticore flicks its tail.
The volley of spikes hits you!
The barbed spikes become lodged in your body.
* * * LOW HITPOINT WARNING * * *
You hear a horrible gurgling sound!
You take 13 damage, and have 27/62 hp.
MASSIVE DAMAGE!!
You now have 19/22 mp.
Casting: Searing Ray (safe; 1% risk of failure)
Confirm with . or Enter, or press ? or * to list all spells.
Restarting spell: Searing Ray (safe; 1% risk of failure)
Press: ? - help, Shift-Dir - straight line, f/p - manticore
Aim: a manticore (moderately wounded, 90% to hit)
Okay, then.
Unknown command.
The searing ray hits the manticore!
The manticore is heavily wounded.
You now have 18/22 mp.
The searing ray hits the manticore.
The manticore is heavily wounded.
You finish channelling your searing ray.
You now have 17/22 mp.
Casting: Searing Ray (safe; 1% risk of failure)
Confirm with . or Enter, or press ? or * to list all spells.
Aiming: Searing Ray (safe; 1% risk of failure)
Press: ? - help, Shift-Dir - straight line, f/p - manticore
Aim: a manticore (heavily wounded, 90% to hit)
The searing ray hits the manticore!
The manticore is severely wounded. (Press . to maintain the ray.)
The manticore flicks its tail.
The volley of spikes hits you!
The barbed spikes become lodged in your body.
* * * LOW HITPOINT WARNING * * *
You take 9 damage, and have 18/62 hp.
You now have 16/22 mp.
The searing ray hits the manticore.
The manticore is severely wounded.
You now have 15/22 mp.
The searing ray hits the manticore!
The manticore is almost dead.
The manticore bites you!!
You die...

.......## ##H
##...#......##.# .....#.#
..# #..........##.# ###..#.#
..# ##....#....##.# ##...#
.. ##........##.# ###.# ##.#
#......######.# #.### #..#
#.##.....####)# #.....#.####
#.##..##.<#..)#
#..........###.#.).# #..)###
+.##...#..H@.......###..####
###........#.............
###.[##..#...#...###...
##..##......##.# ##.
##.##...>..##.#
#.........##..
##...........##
#........#### ###......#


You could see a manticore.

Vanquished Creatures
  Grinder (D:5)
  Sigmund (D:3)
  A wyvern (D:8)
  A steam dragon (D:7)
  2 water moccasins
  An ice beast (D:6)
  3 centaurs
  A kobold brigand (D:8)
  A gnoll sergeant (D:6)
  2 scorpions
  2 bullfrogs
  4 wights (D:7)
  5 howler monkeys
  2 hounds (D:6)
  4 orc priests
  7 iguanas
  2 sleepcaps
  Natasha (thrice) (D:3)
  5 orc wizards
  Robin (D:3)
  11 adders
  6 gnolls
  2 shadow imps
  5 white imps
  2 worms
  30 orcs
  6 ball pythons
  4 endoplasms
  3 giant cockroaches
  9 goblins
  9 hobgoblins
  13 kobolds
  3 quokkas
  10 bats
  2 frilled lizards (D:1)
  6 rats
170 creatures vanquished.

Notes
Turn   | Place    | Note
-------+----------+-------------------------------------------
     0 | D:1      | spardeous the Demigod Conjurer began the quest for the Orb.
     0 | D:1      | Reached XP level 1. HP: 14/14 MP: 5/5
  1187 | D:2      | Reached XP level 2. HP: 20/20 MP: 5/7
  1407 | D:2      | Reached skill level 4 in Conjurations
  1693 | D:2      | Reached XP level 3. HP: 26/26 MP: 6/9
  2203 | D:2      | Reached XP level 4. HP: 33/33 MP: 4/11
  2737 | D:3      | Noticed Sigmund
  2748 | D:3      | Killed Sigmund
  2749 | D:3      | Reached skill level 5 in Conjurations
  2749 | D:3      | Reached XP level 5. HP: 21/38 MP: 5/14
  2861 | D:3      | Learned a level 2 spell: Searing Ray
  3415 | D:3      | Noticed Natasha
  3418 | D:3      | Killed Natasha
  3419 | D:3      | Reached XP level 6. HP: 45/45 MP: 11/15
  3432 | D:3      | Noticed Natasha
  3438 | D:3      | Killed Natasha
  3557 | D:3      | Noticed Robin
  3566 | D:3      | Killed Robin
  3707 | D:3      | Noticed Natasha
  3712 | D:3      | Killed Natasha
  4252 | D:4      | Reached skill level 6 in Conjurations
  4526 | D:5      | Entered Level 5 of the Dungeon
  4958 | D:5      | Reached XP level 7. HP: 22/50 MP: 3/17
  5057 | D:5      | Noticed Grinder
  5065 | D:5      | Killed Grinder
  5066 | D:5      | Reached skill level 5 in Spellcasting
  5688 | D:5      | Learned a level 4 spell: Iskenderun's Mystic Blast
  5874 | D:6      | Reached skill level 7 in Conjurations
  6548 | D:6      | Reached XP level 8. HP: 10/57 MP: 14/20
  7251 | D:6      | Reached skill level 8 in Conjurations
  7312 | D:6      | Reached skill level 1 in Translocations
  8367 | D:7      | Found a staircase to the Ecumenical Temple.
  8451 | D:7      | Reached skill level 5 in Translocations
  8542 | D:7      | Reached XP level 9. HP: 53/62 MP: 16/22
  8863 | D:7      | Got the Discursus on Inflammable Company
  9841 | D:8      | Identified the ring "Zipotoch" {rC- rN+ Int+3 Dex+6}
  9861 | D:8      | Noticed a manticore
  9862 | D:8      | Noticed a green ugly thing
  9875 | D:8      | Slain by a manticore

Illustrated notes

Levels and vault maps discovered:
D:1:      dpeg_arrival_three_smaller_balls, layout_basic,
          nicolae_concentric_dashed_squares_wild, hex_large
D:2:      minmay_skewed_foursquare, layout_basic, lightli_corner_chamber
D:3:      layout_loops_cross, grunt_dithmenos_smoke, vehumet_altar_wand_db,
          overflow_temple_1_default, uniq_robin, uniq_natasha, uniq_sigmund
D:4:      layout_basic
D:5:      layout_basic, uniq_grinder
D:6:      minmay_recursive_quarters, layout_loops_ring,
          minmay_overflow_temple_hex
D:7:      layout_gridville, minmay_temple_entry_gardened_gates
D:8:      minmay_blocky_corners, layout_rooms, led_sif_book, serial_curves,
          eino_curves_02, eino_curves_01, minmay_misc_feat_chi,
          kennysheep_generic_room_11

Skill      XL: |  1  2  3  4  5  6  7  8  9 |
---------------+----------------------------+-----
Spellcasting   | 2 3 4 6 |  6.6
Conjurations   | 4 5 6 7 8 |  8.0
Translocations | 5 6 |  6.7
Dodging        | |  1.7
Stealth        | |  1.7

Action                     |  1- 3 |  4- 6 |  7- 9 || total
---------------------------+-------+-------+-------++-------
  Melee: Unarmed           |       |     2 |       ||     2
   Cast: Magic Dart        |    76 |   114 |   157 ||   347
         Searing Ray       |       |    11 |    53 ||    64
         Iskenderun's Myst |       |       |     1 ||     1
    Use: Potion            |       |       |     1 ||     1
 Armour: Robe              |     3 |     6 |     1 ||    10
         Steam dragon scal |       |       |    17 ||    17
  Dodge: Dodged            |     3 |    12 |    58 ||    73
